 Dungeon Crawl Stone Soup version 0.24.1 (webtiles) character file.

Game seed: 8474748090432481460, levelgen mode: deterministic

263 Fede11211 the Ruffian (level 5, -3/53 HPs)
             Began as a Troll Berserker on Apr 2, 2020.
             Was a Believer of Trog.
             Slain by a hound (6 damage)
             ... on level 4 of the Dungeon.
             The game lasted 00:10:25 (2410 turns).

Fede11211 the Ruffian (Troll Berserker)             Turns: 2410, Time: 00:10:26

Health: -3/53      AC:  6    Str: 26    XL:     5   Next: 97%
Magic:  4/4        EV: 11    Int:  3    God:    Trog [**....]
Gold:   119        SH:  0    Dex:  9    Spells: 4/4 levels left

rFire    . . .     SeeInvis .     - Unarmed
rCold    . . .     Gourm    +   (no shield)
rNeg     . . .     Faith    .   a - +0 animal skin
rPois    .         Spirit   .   (helmet restricted)
rElec    .         Reflect  .   (no cloak)
rCorr    .         Harm     .   (gloves unavailable)
MR       ++...                  (boots unavailable)
Stlth    +.........             (no amulet)
HPRegen  1.57/turn              (no ring)
MPRegen  0.09/turn              (no ring)

@: lethally poisoned (-3 -> -3), berserk cooldown, regenerating, slowed, very
slow
A: large, unfitting armour, claws 3, fast metabolism 3, gourmand, regeneration
1, shaggy fur 1, tough skin 3
a: Berserk, Trog's Hand, Renounce Religion


You were on level 4 of the Dungeon.
You worshipped Trog.
Trog was pleased with you.
You were not hungry.

You visited 1 branch of the dungeon, and saw 4 of its levels.

You collected 119 gold pieces.

Inventory:

Armour
 a - a +0 animal skin (worn)
Wands
 o - a wand of flame (18)
Scrolls
 c - a scroll of identify {unknown}
 d - a scroll of remove curse {unknown}
 g - a scroll of amnesia {unknown}
 h - 2 scrolls of enchant weapon {unknown}
 i - a scroll of immolation {unknown}
 k - 2 scrolls of teleportation {unknown}
 l - a scroll of enchant armour {unknown}
 m - a scroll of magic mapping {unknown}
Potions
 e - a potion of invisibility {unknown}
 f - a potion of flight {unknown}
 j - a potion of haste {unknown}
Comestibles
 b - 8 rations


   Skills:
 + Level 3.3 Fighting
 + Level 3.6 Dodging
 + Level 0.1 Stealth
 + Level 5.1 Unarmed Combat


You had 4 spell levels left.
You didn't know any spells.
Your spell library was empty.

Dungeon Overview and Level Annotations

Branches:
Dungeon (4/15)
 Temple: D:4-7

Altars:
Ru
Sif Muna


Innate Abilities, Weirdness & Mutations

You are too large for most types of armour.
You have claws for hands.
Your metabolism is lightning-fast.
You like to eat raw meat.
Your natural rate of healing is unusually fast.
You are covered in fur. (AC +1)
You have extremely tough skin. (AC +3)


Message History

The jackal bites you but does no damage.
Unknown command.
You claw the worker ant!
You kill the worker ant!
Trog accepts your kill.
You feel sick.
The jackal bites you but does no damage. x3
The phantom blinks!
The hound barely misses you. The jackal misses you.
You claw the jackal!
You kill the jackal!
Trog accepts your kill.
You feel sick. The jackal bites you.
* * * LOW HITPOINT WARNING * * *
The hound barely misses you. The jackal closely misses you. x2
The hound bites you but does no damage. The jackal barely misses you.
You claw the jackal!
You kill the jackal!
Trog accepts your kill.
You feel sick. The hound bites you.
You die...

#.##...........
#.#.....?.....##.#
..%.......>......
#...............
#...........#.#.
#>..............
#....†......#.#.
#..§?@h)........
#...††h.<......#
#......Wl......#
#...........>.....
..................
$.................
..................
.........####.##..
......... .. ..


You could see a phantom, a hound, a leopard gecko and a jackal.

Vanquished Creatures
  A hound (D:4)
  An orc priest (D:4)
  An orc wizard (D:3)
  3 worker ants (D:4)
  A gnoll (D:1)
  2 adders (D:2)
  2 dart slugs (D:3)
  2 leopard geckos
  7 orcs
  7 bats
  A giant cockroach (D:1)
  9 goblins
  5 hobgoblins
  9 jackals
  A quokka (D:2)
  3 ball pythons
  A frilled lizard (D:3)
  6 kobolds
  4 rats
66 creatures vanquished.

Notes
Turn   | Place    | Note
-------+----------+-------------------------------------------
     0 | D:1      | Fede11211 the Troll Berserker began the quest for the Orb.
     0 | D:1      | Reached XP level 1. HP: 22/22 MP: 0/0
    58 | D:1      | Reached XP level 2. HP: 6/29 MP: 1/1
   524 | D:1      | Reached XP level 3. HP: 32/36 MP: 2/2
   611 | D:1      | You fall into a shaft and drop 1 floor!
   931 | D:2      | Reached ** piety under Trog
  1039 | D:2      | Found a sacrificial altar of Ru.
  1126 | D:2      | Reached XP level 4. HP: 44/45 MP: 3/3
  1901 | D:3      | Found a shimmering blue altar of Sif Muna.
  1928 | D:3      | Reached skill level 4 in Unarmed Combat
  2383 | D:4      | Noticed a phantom
  2394 | D:4      | Reached XP level 5. HP: 53/53 MP: 4/4
  2405 | D:4      | Reached skill level 5 in Unarmed Combat
  2407 | D:4      | HP: 1/53 [worker ant (6)]
  2410 | D:4      | Slain by a hound

Levels and vault maps discovered:
D:1:      eino_arrival_cavern_a, layout_basic
D:2:      layout_loops_corners, nicolae_ru_awakened_eye
D:3:      layout_basic, tgw_sif, first_ration
D:4:      layout_rooms, makhleb_altar_promises_db,
          nicolae_overflow_crystal_walls, serial_glass, glass_columns_a,
          glass_columns_a

Skill      XL: |  1  2  3  4  5 |
---------------+----------------+-----
Dodging        | 3 |  3.6
Fighting       | 3 |  3.3
Unarmed Combat | 4 5 |  5.1
Stealth        | |  0.1

Action                   |  1- 3 |  4- 6 || total
-------------------------+-------+-------++-------
Melee: Unarmed           |   106 |    80 ||   186
       Punch             |     2 |     1 ||     3
Invok: Berserk           |       |     1 ||     1
       Trog's Hand       |       |     1 ||     1
  Eat: Chunk             |    16 |     8 ||    24
Armor: Animal skin       |    67 |    48 ||   115
Dodge: Dodged            |    76 |    63 ||   139
